 Dungeon Crawl Stone Soup version 0.31-b1-22-gc680215f68 (webtiles) character file.

Game seed: 10469900734445490114

573 PaiMei the Grave Robber (level 7, -7/51 HPs)
             Began as a Demonspawn Necromancer on Jan 18, 2024.
             Killed from afar by a white imp (11 damage)
             ... with a puff of frost
             ... on level 6 of the Dungeon.
             The game lasted 00:07:06 (4014 turns).

PaiMei the Grave Robber (Demonspawn Necromancer)    Turns: 4014, Time: 00:07:06

Health: -7/51      AC:  2    Str:  8    XL:     7   Next: 12%
Magic:  11/12      EV: 13    Int: 17    God:
Gold:   200        SH:  0    Dex: 14    Spells: 5/13 levels left

rFire   . . .        b - +4 sling
rCold   . . .        (no shield)
rNeg    . . .        c - +0 robe
rPois   .            (no helmet)
rElec   .            (no cloak)
rCorr   .            (no gloves)
SInv    .            (no boots)
Will    .....        (no amulet)
Stlth   ++           (no ring)
HPRegen 0.28/turn    (no ring)
MPRegen 0.13/turn

%: no passive effects
@: no status effects
A: sturdy frame 1, demonic magic 1, demonic touch 1
a: no special abilities


You were on level 6 of the Dungeon.
You visited 1 branch of the dungeon, and saw 5 of its levels.

You collected 200 gold pieces.

Inventory:

Hand Weapons
 a - a +1 flail of protection
 b - a +4 sling (weapon)
Missiles
 l - 4 curare-tipped darts
 o - a throwing net
 s - 11 poisoned darts
Armour
 c - a +0 robe (worn)
 j - a +0 kite shield
Talismans
 g - a beast talisman
 t - a serpent talisman
Scrolls
 d - 9 scrolls of identify {unknown}
 e - a scroll of enchant weapon {unknown}
 h - a scroll of noise {unknown}
 m - 2 scrolls of teleportation {unknown}
 n - 4 scrolls of blinking {unknown}
 p - 2 scrolls of vulnerability {unknown}
Potions
 f - a potion of magic
 i - 3 potions of heal wounds {unknown}
 k - a potion of berserk rage {unknown}
 q - a potion of curing {unknown}
 r - a potion of lignification {unknown}
 u - a potion of haste {unknown}


   Skills:
 + Level 2.5 Fighting
 + Level 3.8 Dodging
 - Level 3.0 Stealth
 + Level 3.9 Spellcasting
 + Level 6.0 Necromancy


You had 5 spell levels left.
You knew the following spells:

 Your Spells              Type           Power      Damage    Failure   Level
a - Necrotise             Necr           96%        1d8       1%          1
b - Vampiric Draining     Necr           24%        2d7       4%          3
c - Animate Dead          Necr           24%        N/A       13%         4

Your spell library contained the following spells:

 Spells                   Type           Power      Damage    Failure   Level
 Sublimation of Blood     Necr           24%        N/A       1%          2
 Call Imp                 Summ           6%         N/A       24%         2
 Curse of Agony           Necr           24%        N/A       36%         5
 Ignite Poison            Fire/Alch      3%         N/A       85%         4
 Sticky Flame             Fire/Alch      3%         2d4       85%         4
 Summon Hydra             Summ           1%         N/A       100%        7
 Ignition                 Fire           1%         3d3       100%        8


Dungeon Overview and Level Annotations

Branches:
Dungeon (4/15)
 Temple: D:4-7

Altars:
Kikubaaqudgha


Innate Abilities, Weirdness & Mutations

Your movements are slightly less encumbered by armour. (ER -2)
Spells you cast may paralyse adjacent enemies.
Your touch may inflict minor irresistible damage on your foes.


Message History

The electric eel shoots out a bolt of lightning at you!
The bolt of electricity hits you!
* * * LOW HITPOINT WARNING * * *
Casting: Necrotise (safe; 1% risk of failure)
Confirm with . or Enter, or press ? or * to list all spells.
Aiming: Necrotise (safe; 1% risk of failure)
Press: ? - help, Shift-Dir - straight line, f/p - electric eel
Aim: an electric eel (almost dead, chance to affect: 87%)
The electric eel writhes in agony.
You kill the electric eel!
Malevolent energies surge around you.
Casting: Necrotise (safe; 1% risk of failure)
Confirm with . or Enter, or press ? or * to list all spells.
You can't see any susceptible monsters within range! (Use Z to cast anyway.)
You see here a book of Conjurations.
You are too injured to fight recklessly!
Fire: b) +4 sling
Press: ? - help, Q - select action, (/) - cycle Shift-Dir - straight line, f - white imp
Aim: a white imp (62% to hit)
You shoot a sling bullet. The sling bullet hits the white imp.
The white imp is heavily wounded.
Fire: b) +4 sling
Press: ? - help, Q - select action, (/) - cycle Shift-Dir - straight line, f/p - white imp
Aim: a white imp (heavily wounded, 62% to hit)
You shoot a sling bullet.
The sling bullet closely misses the white imp.
The white imp gestures at you. The puff of frost hits you.
* * * LOW HITPOINT WARNING * * *
The white imp gestures at you. The puff of frost hits you.
* * * LOW HITPOINT WARNING * * *
Fire: b) +4 sling
Press: ? - help, Q - select action, (/) - cycle Shift-Dir - straight line, f/p - white imp
Aim: a white imp (heavily wounded, 62% to hit)
You shoot a sling bullet.
The sling bullet closely misses the white imp.
The white imp gestures at you. The puff of frost hits you!
You die...

.~ ..#.⌠.#.⌠ #~~~.~P~~.
#.##.#.#.
♣~~~.~P~~####.###.⌠.#
♣~~~.~~~~##...##.#.#. )
♣~P~.~~~♣.....##..#.⌠ ..
♣~~~.~~S~##.####.#.#.
...♣P~~.~♣ #)#####.⌠.#
....~~~.~♣####...# ##...
....~5~@~♣..##..######''
....♣~~:~♣).....###.....
. ♣~≈≈.~~♣#........#...
♣~~~.≈≈♣♣.....###..##
♣~~~.~~♣♣...........<
♣~~~.~~♣~....##...###
♣~~~~.~♣~#########....
≈~~~~P.~♣## #####
~~~~≈~~.~#


You could see a white imp.

Vanquished Creatures
  An ice beast (D:6)
  A centaur (D:6)
  A scorpion (D:6)
  A vampire bat (D:6)
  2 electric eels (D:6)
  An orc priest (D:4)
  An iguana (D:6)
  An orc wizard (D:6)
  2 gnolls (D:3)
  4 adders
  7 orcs
  5 ball pythons
  3 bat skeletons (D:6)
  3 bat zombies (D:6)
  6 endoplasms
  4 giant cockroaches
  7 goblins
  9 hobgoblins
  A quokka (D:2)
  5 bats
  3 frilled lizards
  8 kobolds
  8 rats
84 creatures vanquished.

Vanquished Creatures (collateral kills)
  A gnoll (D:3)
1 creature vanquished.

Grand Total: 85 creatures vanquished

Notes
Turn   | Place    | Note
-------+----------+-------------------------------------------
     0 | D:1      | PaiMei the Demonspawn Necromancer began the quest for the
                  | Orb.
     0 | D:1      | Reached XP level 1. HP: 13/13 MP: 3/3
   274 | D:1      | Gained mutation: Your touch may inflict minor irresistible
                  | damage on your foes. [demonic ancestry]
   274 | D:1      | Reached XP level 2. HP: 17/19 MP: 0/5
   983 | D:1      | Gained mutation: Your movements are slightly less
                  | encumbered by armour. (ER -2) [demonic ancestry]
   983 | D:1      | Reached XP level 3. HP: 24/24 MP: 4/6
  1901 | D:3      | Reached XP level 4. HP: 30/30 MP: 4/7
  2058 | D:3      | Learned a level 3 spell: Vampiric Draining
  2063 | D:3      | Learned a level 4 spell: Animate Dead
  2635 | D:3      | Reached skill level 5 in Necromancy
  2943 | D:4      | Reached XP level 5. HP: 35/35 MP: 9/9
  3034 | D:4      | You fall into a shaft and drop 2 floors!
  3089 | D:6      | Reached skill level 1 in Fighting
  3205 | D:6      | Found an ancient bone altar of Kikubaaqudgha.
  3247 | D:6      | Gained mutation: Spells you cast may paralyse adjacent
                  | enemies. [demonic ancestry]
  3247 | D:6      | Reached XP level 6. HP: 23/43 MP: 9/11
  3814 | D:6      | Noticed an ice beast
  3825 | D:6      | Killed an ice beast
  3919 | D:6      | Reached skill level 6 in Necromancy
  3919 | D:6      | Reached XP level 7. HP: 28/51 MP: 7/12
  4014 | D:6      | Killed from afar by a white imp

Illustrated notes

Levels and vault maps discovered:
D:1:      mrwooster_arrival_statue_2, layout_basic,
          corexii_item_surrounded_by_moat, chequers_mini_garden,
          minmay_door_square
D:2:      layout_basic
D:3:      layout_rooms, nicolae_elevator_lobby_plus
D:4:      layout_cave_pools, mainiacjoe_overflow_concentric_impassable,
          minitemple, minmay_temple_entry_stoned_glass, serial_shops,
          nicolae_stop_n_shop_2, corexii_leaking_fountain, uniq_duvessa
D:6:      layout_rooms, kennysheep_vampire_church, serial_bayou_lagoon_b

Skill      XL: |  1  2  3  4  5  6 |
---------------+-------------------+-----
Stealth        | 2 3 |  3.0
Dodging        | 2 3 |  3.8
Necromancy     | 5 6 |  6.0
Spellcasting   | 3 |  3.9
Fighting       | 1 2 |  2.5

Action                     |  1- 3 |  4- 6 |  7- 9 || total
---------------------------+-------+-------+-------++-------
  Melee: Spear             |     5 |       |       ||     5
   Fire: Sling             |    42 |    88 |     7 ||   137
   Cast: Necrotise         |    41 |    11 |     1 ||    53
         Vampiric Draining |       |    15 |       ||    15
 Armour: Robe              |    14 |    76 |     7 ||    97
  Dodge: Dodged            |    13 |   120 |       ||   133
